 Dungeon Crawl Stone Soup version 0.31.0-11-ge490571c62 (webtiles) character file.

Game seed: 3782521700588961365

3943 hawla the Thaumaturge (level 10, -3/77 HPs)
             Began as a Green Draconian Conjurer on Feb 7, 2024.
             Was an Initiate of Vehumet.
             Slain by an orc knight
             ... wielding a +0 halberd
              (6 damage)
             ... in a bailey.
             The game lasted 00:34:00 (9672 turns).

hawla the Thaumaturge (Green Draconian Conjurer)    Turns: 9672, Time: 00:34:00

Health: -3/77      AC: 10    Str:  9 (10) XL:     10   Next: 1%
Magic:  0/31       EV: 11    Int: 20 (23) God:    Vehumet [......]
Gold:   393        SH:  5    Dex:  7 (9)  Spells: 18/25 levels left

rFire   . . .        A - +0 flail (drain)
rCold   . . .        t - +1 buckler
rNeg    . . .        (body armour unavailable)
rPois   +            (helmet restricted)
rElec   .            s - +2 cloak
rCorr   .            (no gloves)
SInv    .            (no boots)
Will    .....        v - amulet of guardian spirit
Stlth   ++           c - ring of magical power
HPRegen 0.32/turn    (no ring)
MPRegen 0.22/turn

%: guardian spirit
@: on berserk cooldown, very slightly contaminated, slowed, very slow
A: breathe noxious fumes, AC +7, unfitting armour, poison resistance,
cold-blooded
a: Breathe Noxious Fumes, Renounce Religion


You were in a bailey.
You worshipped Vehumet.
Vehumet was noncommittal.
You visited 2 branches of the dungeon, and saw 8 of its levels.
You also visited: Sewer, Ossuary and Bailey.

You collected 393 gold pieces.

Inventory:

Hand Weapons
 e - a +1 antimagic great mace
 A - a +0 flail of draining (weapon)
Missiles
 k - 3 throwing nets
Armour
 s - a +2 cloak (worn)
 t - a +1 buckler (worn)
Jewellery
 c - a ring of magical power (left hand)
 h - a ring of fire
 v - an amulet of guardian spirit (around neck)
Wands
 o - a wand of roots (6)
 x - a wand of flame (23) (quivered)
Scrolls
 d - 4 scrolls of teleportation
 r - a scroll of poison
Potions
 f - 3 potions of ambrosia
 g - 2 potions of enlightenment
 j - 2 potions of brilliance
 l - a potion of attraction
 n - a potion of might
 q - a potion of cancellation {unknown}
 u - 2 potions of degeneration
 w - a potion of lignification {unknown}
 z - a potion of invisibility {unknown}


   Skills:
 - Level 3.0 Fighting
 - Level 7.0 Maces & Flails
 - Level 3.0 Dodging
 - Level 3.0 Stealth
 - Level 5.0 Shields
 - Level 8.2 Spellcasting
 - Level 6.0 Conjurations
 - Level 3.1 Translocations
 + Level 1.3 Evocations


You had 18 spell levels left.
You knew the following spells:

 Your Spells              Type           Power      Damage    Failure   Level
a - Magic Dart            Conj           100%       1d8       1%          1
b - Searing Ray           Conj           64%        2d6       1%          2
c - Iskenderun's Mystic   Conj/Tloc      26%        2d7       19%         4

Your spell library contained the following spells:

 Spells                   Type           Power      Damage    Failure   Level
 Apportation              Tloc           40%        N/A       3%          1
 Sting                    Conj/Alch      80%        1d8       3%          1
 Necrotise                Necr           32%        1d5       12%         1
 Summon Small Mammal      Summ           32%        N/A       12%         1
 Manifold Assault         Tloc           20%        N/A       32%         4
 Fulminant Prism          Conj/Alch      10%        3d8       34%         4
 Fugue of the Fallen      Necr           8%         N/A       36%         3
 Ozocubu's Armour         Ice            8%         N/A       36%         3


Dungeon Overview and Level Annotations

Branches:
Dungeon (7/15)             Temple (1/1) D:7           Sewer (visited)
Ossuary (visited)          Bailey (1/1)

Altars:
Ashenzari
Cheibriados
Dithmenos
Elyvilon
Fedhas
Gozag
Hepliaklqana
Kikubaaqudgha
Makhleb
Nemelex Xobeh
Okawaru
Qazlal
Sif Muna
Trog
Uskayaw
Vehumet
Wu Jian
Xom
Yredelemnul
Zin

Shops:
D:1 (**   D:4 *


Innate Abilities, Weirdness & Mutations

You can breathe blasts of noxious fumes.
Your lurid green scales are hard. (AC +7)
You cannot fit into any form of body armour.
Your system is resistant to poisons. (rPois)
You are cold-blooded and may be slowed by cold attacks.


Message History

* * * LOW HITPOINT WARNING * * *
You closely miss the orc warrior.
The orc warrior is almost dead.
The orc warrior completely misses you. You block the orc knight's attack.
You barely miss the orc warrior.
The orc warrior is almost dead.
The orc warrior hits you with a +0 halberd.
* * * LOW HITPOINT WARNING * * *
You closely miss the orc warrior.
The orc warrior is almost dead.
The orc knight hits you with a +0 halberd!
* * * LOW HITPOINT WARNING * * *
The orc warrior barely misses you.
You sock the orc warrior!
You kill the orc warrior!
Vehumet accepts your kill. The orc knight barely misses you.
Your Evocations skill increases to level 1!
You have reached level 10!
You feel a strong urge to attack something.
You are no longer berserk.
You are exhausted.
You feel yourself slow down.
You feel better.
The orc knight hits you from afar with a +0 halberd!
* * * LOW HITPOINT WARNING * * *
Magic courses through your body. The orc knight closely misses you.
The orc knight hits you from afar with a +0 halberd!
Casting: Searing Ray (safe; 1% risk of failure)
Confirm with . or Enter, or press ? or * to list all spells.
You miscast Iskenderun's Mystic Blast.
You are very lightly contaminated with residual magic.
Nothing appears to happen.
The orc knight barely misses you.
Casting: Iskenderun's Mystic Blast (dangerous; 19% risk of failure)
Confirm with . or Enter, or press ? or * to list all spells.
You erupt in a blast of force!
The mystic blast hits the orc knight.
The orc knight is moderately wounded.
The orc knight is knocked back by the mystic blast.
The orc knight hits you from afar with a +0 halberd!
You die...

...... ≈≈≈≈.................≈≈≈≈≈
.....≈ ###≈≈...............≈≈###≈
.....≈##.##≈...............≈##.##
.....≈#..)).....................#
.....≈##.∩#≈...............≈#∩.##
.....≈≈#.##≈......###......≈##)#≈
......≈≈.≈≈≈...#########...≈≈≈.≈≈
..............##.......##......).
.............##.@#'#'#..##.....).
.............#..##)#)##..#.......
............##o#########.##......
............##.')#o.|#)'.##......
............##.###o8b###.##......
............##.')#bob#)'.##......
............##.####b####.##......
.............#).##∩bb##..##......
.............##..#'bb##..........


You could see an orc knight.

Vanquished Creatures
  Grinder (D:6)
  Sigmund (D:6)
  A steam dragon (D:5)
  A water moccasin (D:4)
  An ice beast (D:7)
  13 orc warriors (Bailey)
  A black bear (D:5)
  Pargi (Sewer)
  A centaur (D:4)
  4 elf zombies (Ossuary)
  A phantom (D:5)
  A brain worm (Sewer)
  3 bullfrogs
  2 bombardier beetles
  3 human zombies (Ossuary)
  2 jellies (D:6)
  A gnoll bouda (D:4)
  2 orc priests
  4 hounds
  5 iguanas
  An orc wizard (D:5)
  9 hound zombies (Ossuary)
  2 mummies (Ossuary)
  17 gnolls
  2 river rats (D:4)
  10 adders
  A shadow imp (D:7)
  2 white imps
  2 adder zombies (Ossuary)
  A dart slug (D:1)
  3 ribbon worms
  22 orcs
  4 ball pythons
  7 endoplasms
  3 giant cockroaches
  8 goblins
  4 hobgoblins
  7 jackals
  2 quokkas (D:4)
  14 bats
  2 frilled lizards
  5 gnoll zombies (Ossuary)
  5 jackal zombies (Ossuary)
  11 kobolds
  5 kobold zombies (Ossuary)
  4 orc zombies (Ossuary)
  10 rats
212 creatures vanquished.

Notes
Turn   | Place    | Note
-------+----------+-------------------------------------------
     0 | D:1      | hawla the Draconian Conjurer began the quest for the Orb.
     0 | D:1      | Reached XP level 1. HP: 14/14 MP: 3/3
   297 | D:1      | Found Roicoopp's Antique Weapon Shoppe.
   557 | D:1      | Reached skill level 1 in Fighting
   557 | D:1      | Reached XP level 2. HP: 23/23 MP: 1/5
   827 | D:1      | Found Zameawn's General Store.
   927 | D:1      | Found Wubovver's General Store.
  1451 | D:2      | Learned a level 2 spell: Searing Ray
  1504 | D:2      | Reached XP level 3. HP: 28/28 MP: 0/6
  2266 | D:3      | Reached XP level 4. HP: 37/37 MP: 7/7
  2516 | D:3      | Learned a level 4 spell: Iskenderun's Mystic Blast
  2576 | D:3      | Reached XP level 5. HP: 44/45 MP: 8/8
  2869 | D:3      | Found a bloodstained altar of Trog.
  3139 | D:4      | Noticed a water moccasin
  3139 | D:4      | Found Awatsare's Serpentskin Sales.
  3153 | D:4      | Killed a water moccasin
  3154 | D:4      | Reached skill level 5 in Conjurations
  3154 | D:4      | Reached XP level 6. HP: 26/51 MP: 8/9
  3373 | D:4      | Reached skill level 1 in Translocations
  3775 | D:4      | Found a glowing drain.
  3784 | Sewer    | Entered a sewer
  3842 | Sewer    | Your scales start taking on a lurid green colour.
  3842 | Sewer    | Reached XP level 7. HP: 54/57 MP: 8/10
  3842 | Sewer    | Gained mutation: Your system is resistant to poisons.
                  | (rPois) [Green Draconian growth]
  3935 | Sewer    | Noticed Pargi
  3943 | Sewer    | Killed Pargi
  3944 | Sewer    | Reached skill level 3 in Spellcasting
  4860 | D:5      | Entered Level 5 of the Dungeon
  4861 | D:5      | Found a sand-covered staircase.
  4874 | D:5      | Reached skill level 4 in Spellcasting
  4886 | Ossuary  | Entered an ossuary
  5389 | Ossuary  | Reached skill level 5 in Spellcasting
  5420 | Ossuary  | Reached XP level 8. HP: 31/63 MP: 1/16
  5601 | Ossuary  | Reached skill level 6 in Spellcasting
  6036 | D:5      | Reached skill level 7 in Spellcasting
  6616 | D:5      | Reached skill level 8 in Spellcasting
  6750 | D:5      | Reached skill level 1 in Shields
  6890 | D:5      | Found a shimmering blue altar of Sif Muna.
  7336 | D:6      | Reached XP level 9. HP: 69/69 MP: 21/21
  7412 | D:6      | Noticed Sigmund
  7427 | D:6      | Killed Sigmund
  7632 | D:6      | Noticed Grinder
  7649 | D:6      | Killed Grinder
  7650 | D:6      | Reached skill level 5 in Shields
  7721 | D:6      | Found a basalt altar of Yredelemnul.
  7723 | D:6      | Found a blossoming altar of Fedhas.
  7723 | D:6      | Found a broken altar of Ashenzari.
  7723 | D:6      | Found a glowing silver altar of Zin.
  7723 | D:6      | Found a white marble altar of Elyvilon.
  8080 | D:7      | Reached skill level 1 in Maces & Flails
  8379 | D:7      | Found a staircase to the Ecumenical Temple.
  8390 | Temple   | Entered the Ecumenical Temple
  8413 | Temple   | Became a worshipper of Vehumet
  8487 | D:7      | Found a flagged portal.
  8517 | Bailey   | Entered a bailey
  8766 | Bailey   | Reached skill level 5 in Maces & Flails
  9454 | Bailey   | Noticed an orc knight
  9661 | Bailey   | HP: 2/103 [orc knight/+0 halberd (7)]
  9663 | Bailey   | Reached skill level 1 in Evocations
  9663 | Bailey   | Reached XP level 10. HP: 3/77 MP: 1/22
  9666 | Bailey   | HP: 1/77 [orc knight/+0 halberd (9)]
  9672 | Bailey   | Slain by an orc knight

Illustrated notes

Levels and vault maps discovered:
D:1:      mrwooster_arrival_statue, layout_loops_ring, serial_shops, shop, shop,
          shop, serial_park_tiny_1, minmay_misc_feat_more_columns,
          minmay_liquid_box, minmay_misc_feat_encased, st_stairs_7
D:2:      layout_rooms, chequers_serial_rivers_room_a, kennysheep_nub
D:3:      layout_basic, mainiacjoe_overflow_tiny_flanked
D:4:      layout_loops_ring, lightli_sewer_entry_pipes, dk_noncrumbling_4,
          guppyfry_shop_venom
D:5:      layout_gridville, led_sif_pool, enter_ossuary_1, glass_columns_b
D:6:      layout_rooms, grunt_temple_overflow_open, uniq_grinder, uniq_sigmund
D:7:      layout_cave_pools, minmay_temple_entry_large_hall, serial_shops,
          nicolae_shop_rolled_up, enter_bailey_5, minmay_misc_feat_alley
Temple:   nicolae_temple_figure_eight
Bailey:   bailey_polearm_2, bailey

Skill      XL: |  1  2  3  4  5  6  7  8  9 |
---------------+----------------------------+-----
Stealth        | 2 3 |  3.0
Dodging        | 2 3 |  3.0
Fighting       | 1 2 3 |  3.0
Conjurations   | 5 6 |  6.0
Translocations | 3 |  3.1
Spellcasting   | 5 8 |  8.2
Shields        | 2 5 |  5.0
Maces & Flails | 7 |  7.0
Evocations     | 1 |  1.3

Action                     |  1- 3 |  4- 6 |  7- 9 | 10-12 || total
---------------------------+-------+-------+-------+-------++-------
  Melee: Unarmed           |     5 |    16 |   123 |       ||   144
         Tailslap          |     3 |     1 |    25 |       ||    29
         Flail             |       |       |   135 |       ||   135
   Cast: Magic Dart        |    67 |    30 |    61 |       ||   158
         Searing Ray       |     5 |    28 |    66 |       ||    99
         Iskenderun's Myst |       |       |    36 |     1 ||    37
Ability: Breathe Noxious F |       |       |     2 |       ||     2
  Evoke: Wand              |       |       |     6 |       ||     6
    Use: Scroll            |     3 |     6 |    12 |       ||    21
         Potion            |       |       |     9 |     2 ||    11
   Stab: Sleeping          |       |       |     3 |       ||     3
 Armour: Skin              |     6 |    31 |   302 |     3 ||   342
  Dodge: Dodged            |    15 |    29 |   197 |     2 ||   243
  Block: Buckler           |       |       |    86 |       ||    86
